Description

The official video on how to 3 Gate before Core.

VOD

https://youtu.be/rIBU7FHTNRU

Replay - Jeeb v Kììì - Pillars of Gold LE

Build Order

Get SALT Encoding   

  12  0:00  Probe  
  13  0:13  Pylon  
  13  0:18  Probe (Chrono Boost)  
  14  0:27  Probe x2 (Chrono Boost)  
  16  0:40  Gateway  
  16  0:44  Probe  
  16  0:46  Assimilator  
  17  0:56  Probe  
  18  1:02  Assimilator  
  18  1:06  Gateway  
  18  1:09  Probe  
  19  1:20  Gateway  
  19  1:22  Probe  
  20  1:33  Cybernetics Core  
  20  1:35  Probe  
  21  1:43  Pylon  
  21  1:52  Probe  
  21  1:57  Pylon  
  22  2:09  Adept x2  
  22  2:11  Warp Gate (Chrono Boost)  
  22  2:13  Stalker  
  29  2:39  Stalker x2  
  29  2:43  Adept  
  35  2:50  Pylon  
  35  3:13  Pylon  
  35  3:46  Stalker x3  
  41  4:11  Stalker x3  
  41  4:30  Nexus x3  
Spawning Tool Build Advisor. Get it on Overwolf

Go to:

Details

  • Created by: Sc2KiiiA     
  • Published on: Sep 23, 2020
  • Modified on: Sep 23, 2020
  • Patch: 4.11.0
  • Difficulty: Medium
Show
View Real Time Build Order
Export as new Build Order

Comments (0)

There are no comments. Be the first!

Create an account to comment!